AoeStats
← Hara FTW!

Black Forest

509890724Analyzed
3v3 RM · 4d ago on Sep 28, 2026· 34m 11s· 6 players
Game mode
Random Map
Map size
Normal (6 player)
Population
200
Speed
Normal
Resources
Standard
Victory
Conquest
Starting age
Dark Age
Ending age
Imperial Age
RankedLock teamsTeams togetherTeam positionsShared explorationLock speedFull tech treeHidden civsTurbo modeCheats
Victory
Defeat
🇬🇧 Goths · United Kingdom
1061
+13
🇷🇴 Persians · Romania
1056
+13
🇷🇴 Khmer · Romania
957
+16
🇪🇸 Malians · Spain
1000
-15
🇩🇪 Vikings · Germany
984
-37
🇨🇱 Persians · Chile
962
-13
Dont_forget_me
9:14 Loom
11:38 Feudal Age
16:52 Castle Age
15:44 Double-Bit Axe
22:36 Horse Collar
22:54 Man-at-Arms
25:00 Wheelbarrow
25:05 Town Watch
26:22 Hand Cart
27:05 Town Patrol
29:48 Forging
29:40 Scale Mail Armor
29:51 Forging
29:32 Fletching
30:11 Long Swordsman
31:15 Fortified Wall
31:00 Murder Holes
34:13 Imperial Age
XITRO
8:11 Loom
11:00 Feudal Age
16:28 Castle Age
14:44 Horse Collar
15:00 Double-Bit Axe
15:43 Stone Mining
19:45 Heavy Plow
22:48 Wheelbarrow
24:02 Bow Saw
26:31 Gold Mining
34:45 Imperial Age
johannes-Hubertus
3:41 Loom
14:58 Feudal Age
15:28 Town Watch
16:56 Double-Bit Axe
17:07 Man-at-Arms
26:58 Scale Mail Armor
27:09 Forging
29:17 Castle Age
29:26 Pikeman
30:07 Squires
30:51 Chain Mail Armor
31:16 Horse Collar
31:52 Bow Saw
GallbaKT
0:31 Loom
12:39 Feudal Age
14:07 Double-Bit Axe
16:45 Castle Age
22:22 Imperial Age
20:02 Squires
20:08 Scale Mail Armor
20:20 Forging
21:36 Chain Mail Armor
22:23 Capped Ram
25:08 Anarchy
31:36 Iron Casting
Aleon
1:40 Loom
14:00 Feudal Age
14:48 Double-Bit Axe
20:03 Castle Age
18:31 Fishing Lines
18:41 Horse Collar
20:45 Bow Saw
22:52 Bloodlines
32:54 Parthian Tactics
Hara FTW!
6:37 Loom
15:55 Feudal Age
20:07 Double-Bit Axe
20:41 Horse Collar
26:21 Gold Mining
34:45 Castle Age
Connection lost

Rejoining the realm…

Still unreachable

The connection could not be restored.

Session expired

The server has moved on; the page needs a fresh start.